Map: Abyssal Reef LE

Players

DnS - Winner!

  • Race: Protoss Protoss
  • Spawn Location: 5:00

Seither

  • Race: Terran Terran
  • Spawn Location: 11:00

Event: WCS Montreal 2017

VOD

Have the link to the VOD?

Description

Time

  • Played on: Sept. 8, 2017, 5:46 p.m.
  • Length: 9:23

All games in this series

Show
View Real Time Build Order
Export as new Build Order

DnS Protoss - Winner!

Build Orders: 1 Gate Expand, Oracle Opening 

Get SALT Encoding   

  12  0:00  Probe (Chrono Boost)  
  13  0:11  Probe (Chrono Boost)  
  14  0:17  Pylon  
  14  0:22  Probe (Chrono Boost)  
  15  0:35  Probe (Chrono Boost)  
  16  0:37  Gateway  
  16  0:46  Probe (Chrono Boost), Assimilator  
  17  0:56  Probe (Chrono Boost)  
  18  1:07  Probe (Chrono Boost)  
  19  1:20  Nexus  
  19  1:24  Probe (Chrono Boost)  
  20  1:35  Cybernetics Core  
  20  1:37  Probe (Chrono Boost)  
  21  1:44  Assimilator  
  21  1:48  Probe (Chrono Boost)  
  21  1:52  Pylon  
  22  1:58  Probe (Chrono Boost)  
  23  2:10  Probe  
  23  2:11  Adept (Chrono Boost)  
  26  2:18  Stargate  
  26  2:22  Probe  
  26  2:29  Warp Gate  
  27  2:35  Probe, Adept (Chrono Boost)  
  30  2:37  Probe  
  31  2:47  Probe  
  31  2:48  Probe  
  33  2:58  Probe, Adept (Chrono Boost)  
  35  2:59  Probe  
  37  3:06  Oracle (Chrono Boost)  
  37  3:09  Probe  
  37  3:11  Probe  
  37  3:12  Pylon  
  42  3:19  Probe  
  42  3:23  Probe  
  44  3:30  Probe, Gateway  
  44  3:31  Gateway  
  45  3:35  Probe  
  45  3:39  Oracle (Chrono Boost)  
  45  3:40  Probe  
  49  3:47  Probe  
  51  3:51  Probe  
  52  4:00  Pylon  
  52  4:01  Probe  
  53  4:04  Nexus  
  53  4:08  Pylon  
  53  4:09  Probe  
  54  4:18  Probe  
  54  4:19  Probe  
  54  4:20  Assimilator  
  54  4:23  Assimilator, Pylon  
  56  4:30  Probe x2  
  57  4:33  Stalker x2  
  57  4:36  Stalker  
  64  4:40  Probe  
  64  4:43  Probe, Pylon  
  66  4:51  Probe  
  68  5:01  Stalker x3  
  68  5:05  Mothership Core (Chrono Boost)  
  75  5:07  Probe (Chrono Boost)  
  75  5:10  Twilight Council  
  75  5:12  Forge  
  74  5:27  Probe (Chrono Boost)  
  73  5:32  Probe x2 (Chrono Boost)  
  73  5:33  Sentry x3  
  73  5:34  Resonating Glaives (Chrono Boost)  
  76  5:37  Probe (Chrono Boost), Phoenix, Pylon  
  76  5:40  Pylon  
  76  5:42  Probe x2 (Chrono Boost)  
  81  5:48  Probe  
  81  5:49  Protoss Ground Weapons Level 1 (Chrono Boost)  
  82  5:51  Probe, Pylon  
  82  5:53  Probe  
  84  6:00  Probe  
  84  6:02  Probe  
  84  6:03  Gateway x2  
  86  6:05  Probe  
  86  6:07  Gateway  
  86  6:09  Pylon  
  87  6:12  Adept  
  87  6:13  Adept x2  
  93  6:20  Robotics Facility  
  88  6:29  Probe, Gateway  
  88  6:30  Probe x2, Gateway  
  91  6:42  Probe, Adept x3  
  98  6:47  Pylon  
  98  6:56  Pylon  
  98  6:58  Blink  
  98  7:06  Adept  
  98  7:07  Adept x5  
  110  7:09  Probe x2  
  110  7:10  Observer (Chrono Boost)  
  110  7:11  Assimilator  
  113  7:18  Probe  
  113  7:21  Probe x2  
  116  7:28  Pylon  
  116  7:29  Immortal (Chrono Boost)  
  120  7:34  Adept  
  120  7:35  Adept x6  
  134  7:37  Adept  
  123  7:59  Probe  
  123  8:03  Observer (Chrono Boost)  
  123  8:04  Probe  
  123  8:05  Probe  
  127  8:09  Assimilator, Stalker x8  
  143  8:21  Warp Prism (Chrono Boost), Robotics Bay  
  143  8:22  Pylon  
  145  8:27  Pylon  
  145  8:37  Nexus, Pylon  
  145  8:38  Pylon  
  145  8:49  Stalker x4  
  123  9:19  Stalker x6  
  123  9:20  Stalker x2  
Show
View Real Time Build Order
Export as new Build Order

Seither Terran 

Build Orders: Reaper Expand, MMM Bio 

Get SALT Encoding   

  12  0:00  SCV  
  13  0:12  SCV  
  14  0:17  Supply Depot  
  14  0:25  SCV  
  15  0:38  SCV  
  15  0:42  Barracks  
  16  0:46  Refinery  
  16  0:50  SCV  
  17  1:03  SCV  
  18  1:15  SCV  
  19  1:30  Orbital Command, Reaper  
  20  1:41  Command Center  
  20  1:49  Supply Depot  
  20  1:56  SCV  
  21  2:02  Marine  
  22  2:09  Factory, SCV  
  23  2:16  Refinery  
  23  2:21  SCV  
  24  2:24  Barracks Reactor  
  24  2:33  SCV  
  24  2:35  Barracks  
  25  2:46  SCV  
  26  2:53  Starport  
  26  2:55  Orbital Command  
  26  2:58  SCV, Widow Mine  
  27  3:05  Marine  
  29  3:07  Marine  
  29  3:10  SCV  
  32  3:21  SCV  
  32  3:22  SCV  
  32  3:23  Barracks Tech Lab  
  32  3:24  Marine x2  
  36  3:31  Viking  
  36  3:33  SCV  
  39  3:35  Factory Tech Lab  
  39  3:36  SCV  
  40  3:46  Supply Depot, SCV  
  40  3:48  Marine x2, SCV  
  41  3:49  Marine  
  44  3:58  SCV  
  44  4:00  Supply Depot, SCV  
  46  4:06  Stimpack  
  46  4:08  Siege Tank  
  49  4:10  Supply Depot, SCV  
  49  4:12  SCV  
  49  4:15  Marine x3  
  52  4:22  SCV  
  53  4:24  SCV  
  54  4:31  Supply Depot  
  54  4:33  Marine x2  
  54  4:34  SCV  
  54  4:36  SCV  
  58  4:38  Marine  
  58  4:40  Siege Tank  
  58  4:42  Liberator  
  58  4:45  Supply Depot  
  62  4:46  SCV  
  62  4:48  SCV  
  62  4:51  Marine  
  65  4:58  Marine x2, SCV  
  71  5:00  SCV  
  71  5:03  Supply Depot  
  71  5:04  Barracks  
  72  5:08  Engineering Bay  
  72  5:11  SCV  
  72  5:12  SCV  
  69  5:22  Factory Reactor  
  69  5:23  SCV  
  69  5:25  SCV  
  66  5:33  Marine x3  
  66  5:35  SCV  
  70  5:37  SCV  
  70  5:42  Terran Infantry Weapons Level 1  
  71  5:44  Starport Reactor, Refinery  
  71  5:47  SCV  
  71  5:49  SCV, Refinery  
  73  5:52  Supply Depot  
  73  5:53  Marine x2, Marauder  
  73  5:55  Missile Turret  
  77  5:57  Missile Turret  
  77  5:58  Supply Depot  
  77  5:59  SCV  
  77  6:01  SCV  
  79  6:11  SCV  
  79  6:12  Combat Shields, Marine x2, Marauder  
  79  6:13  SCV, Concussive Shells  
  85  6:23  SCV  
  85  6:25  SCV  
  87  6:27  Medivac  
  87  6:28  Widow Mine x2  
  90  6:32  Supply Depot  
  90  6:35  Supply Depot, SCV  
  90  6:37  SCV  
  90  6:38  Marine x2, Marauder x2  
  98  6:43  Medivac  
  100  6:47  SCV  
  100  6:49  Supply Depot, SCV  
  102  6:59  SCV  
  103  7:01  SCV  
  102  7:09  Command Center  
  102  7:12  Marine, SCV  
  102  7:13  Marine, SCV, Widow Mine x2, Marauder x2  
  114  7:20  Medivac  
  114  7:21  Barracks  
  114  7:22  Medivac  
  118  7:24  Barracks  
  118  7:26  SCV x2  
  120  7:34  Marauder x2  
  124  7:37  Supply Depot  
  124  7:38  SCV x2  
  126  7:50  SCV x2  
  127  7:53  Liberator x2  
  104  8:00  Marine x2, Marauder x2  
  104  8:06  SCV x2  
  104  8:09  Barracks Reactor  
  104  8:11  Barracks Tech Lab  
  108  8:19  SCV x2  
  110  8:20  Orbital Command  
  110  8:23  Marine x2, Marauder x2  
  110  8:24  Missile Turret  
  116  8:35  SCV x2  
  116  8:40  Armory  
  116  8:41  Marine x2, Engineering Bay  
  120  8:44  Marauder  
  120  8:47  Marine x2, Marauder x2  
  128  8:51  Refinery  
  128  8:52  Refinery  
  113  9:08  SCV x2  
Tags
 
Add a new tag
Caveats
  • Supply blocks, unpowered buildings, or Contaminate may cause inaccurate times.
  • Supply counts are checked every 10 seconds.